 Dungeon Crawl Stone Soup version 0.19-b1-5-gdc9fa9d (webtiles) character file.

327 PhynixH2O the Skirmisher (level 6, -1/57 HPs)
             Began as a Draconian Chaos Knight on Oct 31, 2016.
             Slain by a worker ant (11 damage)
             ... on level 4 of the Dungeon.
             The game lasted 00:15:41 (3041 turns).

PhynixH2O the Skirmisher (Draconian Chaos Knight)   Turns: 3041, Time: 00:15:43

Health: -1/57      AC:  7    Str: 16    XL:     6   Next: 24%
Magic:  6/6        EV: 12    Int: 12    God:    Xom [*.....]
Gold:   110        SH:  0    Dex: 11    Spells: 0 memorised, 5 levels left

rFire  . . .     SeeInvis .     a - +0 falchion (chaos)
rCold  . . .     Gourm    .     (armour unavailable)
rNeg   . . .     Faith    .     (no shield)
rPois  .         Spirit   .     (helmet restricted)
rElec  .         Reflect  .     y - +0 cloak
rCorr  .         Harm     .     (no gloves)
MR     .....                    (no boots)
Stlth  +.........               (no amulet)
                                (no ring)
                                (no ring)

@: confused
A: unfitting armour, cold-blooded, AC +6
a: Renounce Religion


You were on level 4 of the Dungeon.
You worshipped Xom.
You were a special plaything of Xom.
You were not hungry.

You visited 1 branch of the dungeon, and saw 4 of its levels.

You collected 110 gold pieces.

Inventory:

Hand Weapons
 a - a +0 falchion of chaos (weapon)
 k - a +1 short sword of flaming
 p - a +1 short sword of holy wrath
Armour
 y - a +0 cloak (worn)
Jewellery
 c - an uncursed ring of resist corrosion {unknown}
 x - an uncursed amulet of the gourmand {unknown}
Scrolls
 d - 2 scrolls of fear {unknown}
 e - a scroll of random uselessness {unknown}
 g - a scroll of teleportation {unknown}
 h - a scroll of amnesia {unknown}
 i - a scroll of blinking {unknown}
 l - 6 scrolls of remove curse {unknown}
 q - 4 scrolls of identify {unknown}
 s - 3 scrolls of noise {unknown}
 t - a scroll of recharging {unknown}
 w - a scroll of enchant armour {unknown}
Potions
 j - a potion of haste {unknown}
 m - 3 potions of flight {unknown}
 n - a potion of lignification {unknown}
 o - a potion of invisibility {unknown}
 r - a potion of agility {unknown}
 u - a potion of heal wounds {unknown}
 z - a potion of mutation {unknown}
Comestibles
 b - a bread ration
 f - 4 meat rations
 v - a beef jerky
 A - 7 chunks of flesh


   Skills:
 - Level 5.9 Fighting
 - Level 5.4 Long Blades
 + Level 2.1 Dodging


You had 5 spell levels left.
You didn't know any spells.

Dungeon Overview and Level Annotations

Branches:
Dungeon (4/15)
 Temple: D:4-7

Altars:


Innate Abilities, Weirdness & Mutations

Your plain brown scales are hard. (AC +6)
You cannot fit into any form of body armour.
You are cold-blooded and may be slowed by cold attacks.


Message History

The worker ant is almost dead.
The worker ant is no longer moving slowly.
The worker ant bites you.
* * * LOW HITPOINT WARNING * * *
You are too injured to fight recklessly!
You are too injured to fight recklessly!
You are too injured to fight recklessly!
You are too injured to fight recklessly!
You hit the worker ant.
The worker ant is almost dead.
Xom's power touches on your mind for a moment.
You are confused.
The worker ant bites you but does no damage.
You miss the worker ant.
The worker ant is almost dead.
The worker ant bites you.
* * * LOW HITPOINT WARNING * * *
The worker ant bites you!
You die... "It's all fun and games until someone loses an eye."

#### #..## ###
#...#######.########
#.......@a..........
###.................
#..###############
#..## ##..# #..#
#..# ######..#
#.....#..#


You could see a worker ant (berserk).

Vanquished Creatures
  An orc priest (D:4)
  An orc wizard (D:4)
  Crazy Yiuf (D:4)
  3 worker ants (D:4)
  Robin (D:3)
  5 adders
  An ooze (D:4)
  An adder skeleton (D:4)
  2 worms
  3 dart slugs
  3 leopard geckos
  8 orcs
  4 ball pythons
  8 bats
  2 giant cockroaches
  18 goblins
  9 hobgoblins
  2 quokkas
  3 frilled lizards
  8 kobolds
  5 rats
89 creatures vanquished.

Notes
Turn   | Place    | Note
-------+----------+-------------------------------------------
     0 | D:1      | PhynixH2O the Draconian Chaos Knight began the quest for the Orb.
     0 | D:1      | Reached XP level 1. HP: 19/19 MP: 1/1
    70 | D:1      | XOM: harmless Necr miscast
   145 | D:1      | XOM: harmless Necr miscast
   246 | D:1      | Reached XP level 2. HP: 26/26 MP: 2/2
   573 | D:1      | XOM: divination: magic mapping
   627 | D:2      | XOM: harmless Summ miscast
   677 | D:2      | XOM: potion effect (agility)
   678 | D:2      | Reached XP level 3. HP: 33/33 MP: 3/3
  1129 | D:2      | Reached XP level 4. HP: 34/41 MP: 4/4
  1379 | D:3      | XOM: silly message
  1443 | D:3      | XOM: harmless Tmut miscast
  1580 | D:3      | XOM: cloud trail
  1805 | D:3      | XOM: butterfly on damage
  1912 | D:3      | Noticed Robin
  1938 | D:3      | Killed Robin
  2481 | D:4      | XOM: smoke on damage
  2486 | D:4      | Reached skill level 5 in Fighting
  2486 | D:4      | Reached XP level 5. HP: 33/48 MP: 5/5
  2760 | D:4      | Found a runed door.
  2764 | D:4      | Noticed Crazy Yiuf
  2793 | D:4      | Killed Crazy Yiuf
  2793 | D:4      | Reached skill level 5 in Long Blades
  2894 | D:4      | Reached XP level 6. HP: 35/57 MP: 6/6
  3040 | D:4      | XOM: confusion
  3041 | D:4      | Slain by a worker ant

Skill      XL: |  1  2  3  4  5 |
---------------+----------------+-----
Fighting       | 4 5 |  5.9
Long Blades    | 4 5 |  5.4
Dodging        | |  2.1

Action                   |  1- 3 |  4- 6 || total
-------------------------+-------+-------++-------
Melee: Falchion          |    90 |   152 ||   242
       Tailslap          |    10 |    25 ||    35
 Stab: Distracted        |     1 |       ||     1
  Eat: Chunk             |     1 |     6 ||     7
Armor: Skin              |    32 |    45 ||    77
Dodge: Dodged            |    69 |   111 ||   180
       Rpst.: Falchion   |    16 |    39 ||    55
